 Dungeon Crawl Stone Soup version 0.21.0-3-g78d12a8bdd (webtiles) character file.

25 Gargoyl the Skirmisher (level 2, -1/26 HPs)
             Began as a Centaur Abyssal Knight on Jan 12, 2018.
             Was a Follower of Lugonu.
             Slain by a gnoll
             ... wielding a +0 spear
              (2 damage)
             ... on level 2 of the Dungeon.
             The game lasted 00:01:18 (1064 turns).

Gargoyl the Skirmisher (Centaur Abyssal Knight)     Turns: 1064, Time: 00:01:19

Health: -1/26      AC:  8    Str: 14    XL:     2   Next: 82%
Magic:  3/3        EV:  4    Int: 11    God:    Lugonu [*.....]
Gold:   88         SH:  0    Dex:  8    Spells: 1/1 levels left

rFire    . . .     SeeInvis .   a - +1 hand axe
rCold    . . .     Gourm    .   (no shield)
rNeg     . . .     Faith    .   d - +0 chain mail
rPois    .         Spirit   .   k - +0 helmet
rElec    .         Reflect  .   (no cloak)
rCorr    .         Harm     .   (no gloves)
MR       .....                  (no barding)
Stlth    ..........             (no amulet)
HPRegen  0.08/turn              (no ring)
MPRegen  0.08/turn              (no ring)

@: very quick
A: large, hooves 3, deformed body, speed 2, tough skin 3
a: Depart the Abyss, Renounce Religion


You were on level 2 of the Dungeon.
You worshipped Lugonu.
Lugonu was aware of your devotion.
You were not hungry.

You visited 1 branch of the dungeon, and saw 2 of its levels.
You visited the Abyss 1 time.

You collected 88 gold pieces.

Inventory:

Hand Weapons
 a - a +1 hand axe (weapon)
Armour
 d - a +0 chain mail (worn)
 k - a +0 helmet (worn)
Scrolls
 e - 2 scrolls of identify {unknown}
 g - a scroll of fog {unknown}
 h - a scroll of remove curse {unknown}
 j - a scroll of amnesia {unknown}
Potions
 b - a potion of flight {unknown}
 f - a potion of degeneration {unknown}
 i - a potion of berserk rage {unknown}
Comestibles
 c - 4 rations


   Skills:
 + Level 3.2 Fighting
 + Level 2.1 Axes
 * Level 1.7 Armour
 + Level 0.8 Dodging
 * Level 2.5 Invocations


You had one spell level left.
You didn't know any spells.

Dungeon Overview and Level Annotations

Branches:
Dungeon (2/15)

Altars:


Innate Abilities, Weirdness & Mutations

You have hooves in place of feet.
Armour fits poorly on your strangely shaped body.
You cover ground very quickly.
You have extremely tough skin. (AC +3)


Message History

You barely miss the gnoll. Your kick misses the gnoll.
The gnoll is lightly wounded.
You hit the gnoll.
The gnoll hits you from afar with a spear.
The gnoll hits you but does no damage. x2; The gnoll barely misses you.
The gnoll hits you but does no damage.
You hit the gnoll.
The gnoll is moderately wounded.
Your chain mail prevents you from hitting the gnoll.
The gnoll hits you but does no damage. The gnoll hits you with a whip.
The gnoll hits you but does no damage.
The gnoll hits you from afar with a spear!
* * * LOW HITPOINT WARNING * * *
You hit the gnoll.
The gnoll is severely wounded.
You closely miss the gnoll.
The gnoll hits you but does no damage. x2
The gnoll hits you with a spear.
* * * LOW HITPOINT WARNING * * *
The gnoll hits you from afar with a spear.
You die...

#. #.## # ..# ##
###.## .. .....## .#
###...# ##.#
##..##########gg
#...........#g#
##..#######.g@#####
# ##.......##......#
## ##......##..#..##
.# #......#..##.##
.######........## #
...................#
...####...........##
##....#......####..#
#####......... ....


You could see 4 gnolls.

Vanquished Creatures
  A worm (D:2)
  A dart slug (D:1)
  A leopard gecko (D:1)
  A giant cockroach (D:1)
  5 goblins (D:1)
  2 hobgoblins
  A kobold (D:1)
  A quokka (D:2)
  2 frilled lizards (D:1)
  3 rats (D:1)
18 creatures vanquished.

Notes
Turn   | Place    | Note
-------+----------+-------------------------------------------
     0 | Abyss:1  | Gargoyl the Centaur Abyssal Knight began the quest for the Orb.
     0 | Abyss:1  | Reached XP level 1. HP: 19/19 MP: 2/2
    54 | Abyss:1  | Found a corrupted altar of Lugonu.
    90 | Abyss:1  | Found a corrupted altar of Lugonu.
   125 | Abyss:1  | Noticed a small abomination
   128 | Abyss:1  | Noticed a raiju
   131 | D:1      | Escaped the Abyss
   418 | D:1      | Reached * piety under Lugonu
   418 | D:1      | Reached XP level 2. HP: 26/26 MP: 3/3
  1064 | D:2      | HP: 1/26 [gnoll/spear (1)]
  1064 | D:2      | Slain by a gnoll

Skill      XL: |  1 |
---------------+----+-----
Axes           | 2 |  2.1
Fighting       | |  3.2
Armour         | |  1.7
Dodging        | |  0.8
Invocations    | |  2.5

Action                   || total
-------------------------++-------
Melee: Hand axe          ||    50
       Kick              ||     9
Invok: Depart the Abyss  ||     1
  Use: Scroll            ||     1
Armor: Chain mail        ||    35
Dodge: Dodged            ||    18
